 Dungeon Crawl Stone Soup version 0.31.0-12-g77e489cdc1 (webtiles) character file.

Game seed: 14331825152111101924

259 BigDaddyOpFi the Chopper (level 6, -2/56 HPs)
             Began as a Hill Orc Monk on Feb 27, 2024.
             Was a Believer of Beogh.
             Slain by Grinder (5 damage)
             ... on level 3 of the Dungeon.
             The game lasted 00:03:53 (3384 turns).

BigDaddyOpFi the Chopper (Hill Orc Monk)            Turns: 3384, Time: 00:03:54

Health: -2/56      AC: 12    Str: 13 (16) XL:     6   Next: 17%
Magic:  6/6        EV:  3    Int:  9 (10) God:    Beogh [**....]
Gold:   167        SH:  0    Dex: 12 (13) Spells: 5/5 levels left

rFire   . . .        a - +1 hand axe
rCold   . . .        d - orb {light}
rNeg    . . .        b - +1 plate armour
rPois   .            (no helmet)
rElec   .            (no cloak)
rCorr   .            (no gloves)
SInv    .            h - +0 pair of boots
Will    .....        (no amulet) Stlth
                     (no ring)
HPRegen 0.29/turn    (no ring)
MPRegen 0.10/turn

%: no passive effects
@: glowing
A: no striking features
a: Renounce Religion, Smiting


You were on level 3 of the Dungeon.
You worshipped Beogh.
Beogh was pleased with you.
You visited 1 branch of the dungeon, and saw 3 of its levels.

You collected 167 gold pieces.

Inventory:

Hand Weapons
 a - a +1 hand axe (weapon)
Armour
 b - a +1 plate armour (worn)
 d - an orb of light (worn)
 h - a +0 pair of boots (worn)
Jewellery
 m - an amulet of faith
Potions
 l - a potion of degeneration


   Skills:
 + Level 5.5 Fighting
 + Level 6.0 Axes
 + Level 3.7 Dodging


You had 5 spell levels left.
You didn't know any spells.
Your spell library contained the following spells:

 Spells                   Type           Power      Damage    Failure   Level
 Apportation              Tloc           0%         N/A       100%        1
 Freeze                   Ice            0%         1d3       100%        1
 Necrotise                Necr           0%         1d4       100%        1
 Sting                    Conj/Alch      0%         1d3       100%        1
 Summon Small Mammal      Summ           0%         N/A       100%        1
 Frozen Ramparts          Ice            0%         1d1       100%        3
 Hailstorm                Conj/Ice       0%         3d5       100%        3
 Stone Arrow              Conj/Erth      0%         3d7       100%        3
 Animate Armour           Summ/Erth      0%         N/A       100%        4
 Lehudib's Crystal Spear  Conj/Erth      0%         10d2      100%        8


Dungeon Overview and Level Annotations

Branches:
Dungeon (3/15)

Altars:

Annotations:
D:3 Grinder


Message History

Grinder hits you. Grinder hits you but does no damage.
You can move again.
You hit Grinder.
Grinder is heavily wounded.
Grinder gestures at you. Pain shoots through your body!
You barely miss Grinder.
Grinder is heavily wounded.
Grinder hits you but does no damage.
You barely miss Grinder.
Grinder is heavily wounded.
Grinder hits you but does no damage.
You hit Grinder.
Grinder is heavily wounded.
Grinder hits you.
You writhe in agony.
You barely miss Grinder.
Grinder is heavily wounded.
Grinder gestures at you.
You suddenly lose the ability to move!
Grinder hits you.
You writhe in agony.
Grinder hits you but does no damage.
You can move again.
You hit Grinder.
Grinder is severely wounded.
Grinder hits you.
You writhe in agony.
* * * LOW HITPOINT WARNING * * *
You hit Grinder.
Grinder is severely wounded.
Grinder hits you!
* * * LOW HITPOINT WARNING * * *
You writhe in agony.
* * * LOW HITPOINT WARNING * * *
Unknown command.
Okay, then.
Okay, then.
As you read the scroll of fog, it dissolves into smoke.
Grinder hits you.
You die...
Grinder says, "Hey, I wasn't done torturing you yet!"

#.....# ##.##.####.#.....
#.#.#.####...#[.......####
#†.#.........####...#.####
####.###..###................
#..............#####.....####
#.##.###....#########....#
#.##..#...§§§§§..........#
##.##......§§§§#######...##
#...###.#..§5@## ##..#
#.###.##.##..§## #..# #.
#.##.##.§### #..#
#.###.##.......#########..#
#....##.##.##............#
####.##.......#########<##
#.......##.# #.# ####.##.##.#
#.# #.##.##.# #.#


You could see Grinder.

Vanquished Creatures
  A scorpion (D:3)
  Terence (D:1)
  Natasha (thrice) (D:2)
  4 adders (D:2)
  A ribbon worm (D:2)
  2 dart slugs
  4 orcs (D:3)
  5 ball pythons
  5 bats
  5 endoplasms
  2 giant cockroaches (D:2)
  5 goblins
  2 hobgoblins
  2 quokkas (D:2)
  4 frilled lizards
  4 kobolds (D:1)
  9 rats
59 creatures vanquished.

Notes
Turn   | Place    | Note
-------+----------+-------------------------------------------
     0 | D:1      | BigDaddyOpFi the Hill Orc Monk began the quest for the Orb.
     0 | D:1      | Reached XP level 1. HP: 19/19 MP: 1/1
   120 | D:1      | Reached XP level 2. HP: 26/27 MP: 2/2
   331 | D:1      | Reached XP level 3. HP: 20/33 MP: 3/3
  1084 | D:2      | Noticed Natasha
  1099 | D:2      | Killed Natasha
  1100 | D:2      | Reached XP level 4. HP: 19/41 MP: 4/4
  1125 | D:2      | Noticed Natasha
  1133 | D:2      | Killed Natasha
  1134 | D:2      | Reached skill level 5 in Axes
  1232 | D:2      | Noticed Natasha
  1233 | D:2      | Noticed Terence
  1266 | D:1      | Killed Terence
  1267 | D:1      | Reached XP level 5. HP: 27/47 MP: 5/5
  1574 | D:2      | Killed Natasha
  1575 | D:2      | Reached skill level 5 in Fighting
  2396 | D:3      | Became a worshipper of Beogh the Brigand
  2396 | D:3      | Reached * piety under Beogh
  2396 | D:3      | Reached ** piety under Beogh
  2561 | D:3      | Reached XP level 6. HP: 39/56 MP: 6/6
  2920 | D:3      | Noticed Grinder
  2928 | D:3      | Paralysed by Grinder for 2 turns
  2934 | D:3      | Paralysed by Grinder for 4 turns
  2989 | D:2      | Reached skill level 6 in Axes
  3370 | D:3      | Paralysed by Grinder for 5 turns
  3379 | D:3      | Paralysed by Grinder for 3 turns
  3384 | D:3      | Slain by Grinder

Illustrated notes

Levels and vault maps discovered:
D:1:      dpeg_arrival_court, layout_rooms
D:2:      layout_basic, uniq_natasha, uniq_terence
D:3:      layout_loops_ring, dk_vineyard_1, uniq_grinder

Skill      XL: |  1  2  3  4  5  6 |
---------------+-------------------+-----
Fighting       | 4 5 |  5.5
Dodging        | 3 |  3.7
Axes           | 5 6 |  6.0

Action                     |  1- 3 |  4- 6 || total
---------------------------+-------+-------++-------
  Melee: Hand axe          |    80 |   132 ||   212
 Invoke: Convert to Beogh  |       |     1 ||     1
    Use: Scroll            |     3 |     5 ||     8
         Potion            |       |     6 ||     6
 Armour: Robe              |    30 |       ||    30
         Plate armour      |    34 |   168 ||   202
         Chain mail        |    15 |       ||    15
  Dodge: Dodged            |    52 |    30 ||    82
